 Dungeon Crawl Stone Soup version 0.29.1-4-g47bece8355 (webtiles) character file.

Game seed: 5050620534822419468

691699 DoIIoM the Slayer (level 27, -12/254 (284) HPs)
             Began as an Octopode Summoner on Dec 3, 2022.
             Was the Champion of Vehumet.
             Killed from afar by a Hell Sentinel (32 damage)
             ... with damnation
             ... in the Vestibule of Hell on Dec 4, 2022.
             The game lasted 06:20:26 (66137 turns).

DoIIoM the Slayer (Octopode Summoner)              Turns: 66137, Time: 06:20:27

HP:   -12/254 (284) AC: 50    Str: 12    XL:     27
MP:   40/67         EV: 24    Int: 47    God:    Vehumet [******]
Gold: 7345          SH:  8    Dex: 17    Spells: 8/70 levels left

rFire   + + +      SeeInvis +   G - +3 Elemental Staff {rElec rF++ rC++ AC+5}
rCold   + + +      Faith    .   D - +3 buckler {reflect}
rNeg    + + .      Spirit   .   T - +5 hat of Jememor {+Blink}
rPois   ∞          Reflect  +   L - amulet of magic regeneration
rElec   +          Harm     .   n - ring "Cyntoc" {Drain rPois rN+ Str+5 Int+4}
rCorr   +          Rampage  .   R - ring of fire
Will    +++..                   M - ring of Accord {rC+ Int+6 SInv Stlth+}
Stlth   ++++......              b - ring of magical power
HPRegen 0.52/turn               e - ring "Wayrumn" {rF+ rCorr EV+4 Int+3 Dex+3}
MPRegen 0.80/turn               q - ring of the Hare {EV+8}
                                u - ring "Qosoebat" {rF+ rC+ Will+ AC+4 Int+4}
                                x - ring of magical power

@: statue-form, studying 2 skills, heavily drained, very slow
A: slow and powerful, torment resistance 1, boosted hp, almost no armour,
amphibious, 8 rings, camouflage 1, (gelatinous body 1), (nimble swimmer 1),
tentacles, see invisible, wild magic 1
}: 5/15 runes: decaying, serpentine, slimy, silver, icy
a: End Transformation, Renounce Religion, Evoke Blink


You were in the Vestibule of Hell.
You worshipped Vehumet.
Vehumet was exalted by your worship.
You were a living statue of rough stone.
You visited 14 branches of the dungeon, and saw 65 of its levels.
You also visited: Ice Cave and Desolation.

You collected 11049 gold pieces.
You spent 3704 gold pieces at shops.

Inventory:

Hand Weapons
 G - the +3 Elemental Staff (weapon) {rElec rF++ rC++ AC+5}
   (You acquired it on level 4 of the Vaults)

   If the wielder is skilled in Evocations, they can discharge powerful blasts
   of elemental energy when striking with it.
   It enhances your fire, ice, earth and air magic.
   AC:        It affects your AC (+5).
   rF:        It greatly protects you from fire.
   rC:        It greatly protects you from cold.
   rElec:     It insulates you from electricity.
Armour
 D - a +3 buckler of reflection (worn)
 T - the +5 hat of Jememor (worn) {+Blink}
   (You bought it in a shop on level 1 of the Orcish Mines)

   +Blink:    It lets you blink.
Jewellery
 b - a ring of magical power (on tentacle)
 e - the ring "Wayrumn" (on tentacle) {rF+ rCorr EV+4 Int+3 Dex+3}
   (You bought it in a shop on level 2 of the Orcish Mines)

   [ring of evasion]

   EV:        It affects your evasion (+4).
   Int:       It affects your intelligence (+3).
   Dex:       It affects your dexterity (+3).
   rF:        It protects you from fire.
   rCorr:     It protects you from acid and corrosion.
 h - a +4 ring of protection
 j - the amulet of Onisal {rF++ Regen+ Str+2 Slay+2}
   (You found it on level 3 of the Crypt)

   [amulet of regeneration]

   Str:       It affects your strength (+2).
   Slay:      It affects your accuracy & damage with ranged weapons and melee
   (+2).
   rF:        It greatly protects you from fire.
   Regen:     It increases your rate of health regeneration.
 n - the ring "Cyntoc" (left tentacle) {Drain rPois rN+ Str+5 Int+4}
   (You acquired it on level 3 of the Lair of Beasts)

   [ring of positive energy]

   Str:       It affects your strength (+5).
   Int:       It affects your intelligence (+4).
   rPois:     It protects you from poison.
   rN:        It protects you from negative energy.
   Drain:     It drains your maximum health when unequipped.
 q - the ring of the Hare (on tentacle) {EV+8}
   (You bought it in a shop on level 9 of the Dungeon)

   [ring of evasion]

   EV:        It affects your evasion (+8).
 u - the ring "Qosoebat" (on tentacle) {rF+ rC+ Will+ AC+4 Int+4}
   (You found it in the Desolation of Salt)

   [ring of protection]

   AC:        It affects your AC (+4).
   Int:       It affects your intelligence (+4).
   rF:        It protects you from fire.
   rC:        It protects you from cold.
   Will:      It increases your willpower.
 w - an amulet of regeneration
 x - a ring of magical power (on tentacle)
 L - an amulet of magic regeneration (around mantle)
 M - the ring of Accord (on tentacle) {rC+ Int+6 SInv Stlth+}
   (You found it in the Desolation of Salt)

   [ring of intelligence]

   Int:       It affects your intelligence (+6).
   rC:        It protects you from cold.
   SInv:      It lets you see invisible.
   Stlth:     It makes you more stealthy.
 R - a ring of fire (right tentacle)
 U - the amulet "Hiesm" {*Slow rElec rF+++ Regen+ Int+3}
   (You took it off an orc warrior on level 2 of the Orcish Mines)

   [amulet of regeneration]

   Int:       It affects your intelligence (+3).
   rF:        It renders you almost immune to fire.
   rElec:     It insulates you from electricity.
   Regen:     It increases your rate of health regeneration.
   *Slow:     It may slow you when you take damage.
 V - the ring of Minuatib {Fly rPois rC+ rN+ Str+3}
   (You found it in the Desolation of Salt)

   [ring of flight]

   Str:       It affects your strength (+3).
   rC:        It protects you from cold.
   rPois:     It protects you from poison.
   rN:        It protects you from negative energy.
   Fly:       It grants you flight.
 Y - a ring of protection from fire
 Z - the ring of Attitude {Ice rElec Dex+3}
   (You found it on level 3 of the Lair of Beasts)

   [ring of ice]

   It enhances your ice magic.
   Dex:       It affects your dexterity (+3).
   rF:        It makes you vulnerable to fire.
   rC:        It protects you from cold.
   rElec:     It insulates you from electricity.
Wands
 I - a wand of flame (106)
 N - a wand of polymorph (31)
 O - a wand of mindburst (24)
 P - a wand of digging (25)
 Q - a wand of charming (33)
 S - a wand of light (16)
 X - a wand of roots (32)
Scrolls
 c - 7 scrolls of amnesia
 f - 3 scrolls of brand weapon
 m - 7 scrolls of enchant armour
 r - 11 scrolls of blinking
 t - 9 scrolls of fear
 v - 24 scrolls of teleportation
 y - 9 scrolls of fog
 z - 14 scrolls of identify
 C - 4 scrolls of summoning
 E - 9 scrolls of poison
 H - 9 scrolls of magic mapping
Potions
 a - 3 potions of magic
 d - 4 potions of haste
 g - a potion of invisibility
 i - 4 potions of cancellation
 k - 21 potions of curing
 l - 8 potions of might
 o - 5 potions of berserk rage
 p - 14 potions of heal wounds
 s - 2 potions of resistance
 A - 7 potions of mutation
 B - 12 potions of ambrosia
 F - 13 potions of flight
 K - 5 potions of brilliance
Miscellaneous
 J - a condenser vane
 W - a phantom mirror


   Skills:
 + Level 25.7 Fighting
 - Level 2.0 Dodging
 - Level 3.0 Stealth
 - Level 4.0 Shields
 + Level 22.3 Spellcasting
 - Level 24.0 Conjurations
 - Level 13.1 Summonings
 - Level 8.0 Transmutations
 - Level 19.1 Fire Magic
 - Level 17.0 Air Magic
 - Level 12.0 Earth Magic
 - Level 6.0 Evocations


You had 8 spell levels left.
You knew the following spells:

 Your Spells              Type           Power      Damage    Failure   Level
a - Summon Lightning Spi  Summ/Air       100%       N/A       1%          4
b - Lehudib's Crystal Sp  Conj/Erth      81%        10d18     1%          8
c - Call Canine Familiar  Summ           100%       N/A       1%          3
d - Summon Guardian Gole  Hex/Summ       99%        N/A       1%          3
e - Ignition              Fire           96%        3d24      1%          8
f - Fire Storm            Conj/Fire      99%        8d25      2%          9
g - Spellforged Servitor  Conj/Summ      69%        N/A       1%          7
h - Fireball              Conj/Fire      99%        3d36      1%          5
i - Statue Form           Tmut/Erth      91%        N/A       2%          6
j - Chain Lightning       Conj/Air       85%        3d113     3%          9

Your spell library contained the following spells:

 Spells                   Type           Power      Damage    Failure   Level
 Shatter                  Erth           72%        3d53*     61%         9
 Beastly Appendage        Tmut           100%       N/A       1%          1
 Necrotise                Necr           100%       1d9       1%          1
 Sandblast                Erth           100%       2d20      1%          1
 Shock                    Conj/Air       100%       1d9       1%          1
 Sting                    Tmut/Pois      100%       1d8       1%          1
 Summon Small Mammal      Summ           100%       N/A       1%          1
 Call Imp                 Summ           100%       N/A       1%          2
 Ensorcelled Hibernation  Hex/Ice        100%       N/A       1%          2
 Passwall                 Tmut/Erth      100%       N/A       1%          2
 Poisonous Vapours        Pois/Air       100%       N/A       1%          2
 Wereblood                Tmut           100%       N/A       1%          2
 Conjure Flame            Conj/Fire      100%       6-21      1%          3
 Dazzling Flash           Conj/Hex       100%       N/A       1%          3
 Frozen Ramparts          Ice            100%       1d16      1%          3
 Ignite Poison            Fire/Tmut/Pois 100%       N/A       1%          3
 Spider Form              Tmut/Pois      87%        N/A       1%          3
 Stone Arrow              Conj/Erth      100%       3d13      1%          3
 Swiftness                Air            100%       N/A       1%          3
 Airstrike                Air            80%        2d(12-28) 1%          4
 Corpse Rot               Necr/Pois/Air  100%       N/A       1%          4
 Fulminant Prism          Conj/Hex       60%        3d27      1%          4
 Ice Form                 Ice/Tmut       100%       N/A       1%          4
 Iskenderun's Mystic Bla  Conj/Tloc      100%       2d19      1%          4
 Olgreb's Toxic Radiance  Pois           62%        N/A       1%          4
 Petrify                  Tmut/Erth      100%       N/A       1%          4
 Sticky Flame             Conj/Fire      100%       2d11      1%          4
 Summon Ice Beast         Ice/Summ       100%       N/A       1%          4
 Blade Hands              Tmut           52%        N/A       1%          5
 Borgnjor's Vile Clutch   Necr/Erth      59%        N/A       1%          5
 Irradiate                Conj/Tmut      66%        3d33      1%          5
 Iskenderun's Battlesphe  Conj           100%       2d15      1%          5
 Lee's Rapid Deconstruct  Erth           72%        3d33*     1%          5
 Lightning Bolt           Conj/Air       85%        1d113     1%          5
 Silence                  Hex/Air        65%        N/A       1%          5
 Summon Forest            Summ/Tloc      49%        N/A       1%          5
 Conjure Ball Lightning   Conj/Air       85%        3x3d32    1%          6
 Iron Shot                Conj/Erth      81%        9d15      1%          6
 Starburst                Conj/Fire      99%        6d25      1%          6
 Maxwell's Capacitive Co  Air            80%        ∞         1%          8
 Gell's Gravitas          Tloc           62%        N/A       2%          3
 Portal Projectile        Hex/Tloc       100%       N/A       2%          3
 Teleport Other           Tloc           62%        N/A       2%          3
 Tukima's Dance           Hex            62%        N/A       2%          3
 Vampiric Draining        Necr           62%        2d10      2%          3
 Storm Form               Tmut/Air       73%        N/A       3%          7
 Summon Hydra             Summ           62%        N/A       3%          7
 Eringya's Noxious Bog    Tmut/Pois      43%        N/A       4%          6
 Animate Dead             Necr           62%        N/A       6%          4
 Cause Fear               Hex            31%        N/A       6%          4
 Dispel Undead            Necr           62%        3d22      6%          4
 Agony                    Necr           62%        N/A       16%         5
 Manifold Assault         Tloc           62%        N/A       16%         5
 Metabolic Englaciation   Hex/Ice        40%        N/A       16%         5
 Dragon Form              Tmut           52%        N/A       17%         7
 Death Channel            Necr           31%        N/A       61%         6
 Dispersal                Tloc           31%        N/A       61%         6
 Discord                  Hex            31%        N/A       100%        8
 Disjunction              Tloc           31%        N/A       100%        8
 Dragon's Call            Summ           62%        N/A       91%         9


Dungeon Overview and Level Annotations

Branches:
Dungeon (15/15)            Temple (1/1) D:5            Lair (5/5) D:10
  Swamp (4/4) Lair:3        Snake (4/4) Lair:2        Slime (5/5) Lair:5
    Orc (2/2) D:10            Elf (3/3) Orc:2        Vaults (5/5) D:13
  Crypt (3/3) Vaults:2       Tomb (0/3) Crypt:3      Depths (4/4) D:15
   Hell (1/1)                 Dis (6/7) Hell            Geh (0/7) Hell
    Coc (7/7) Hell            Tar (0/7) Hell            Zot (0/5) Depths:4
  IceCv (visited)         Desolation (visited)

Altars:
Ashenzari
Cheibriados
Dithmenos
Elyvilon
Fedhas
Gozag
Hepliaklqana
Kikubaaqudgha
Makhleb
Nemelex Xobeh
Okawaru
Qazlal
Ru
Sif Muna
Trog
Uskayaw
Vehumet
Wu Jian
Xom
Yredelemnul
Zin
The Shining One
Jiyva
Lugonu

Shops:
D:9 =   D:12 (   D:14 ([=   D:15 [   Orc:1 ([[![   Orc:2 !([[=   Elf:1 [
Snake:1 ::=   Vaults:2 :   Vaults:4 [   Vaults:5 :   Depths:3 (   Depths:4 [

Portals:
Hell: Depths:1 Depths:2 Depths:3 Depths:4
Abyss: Elf:3 Depths:3
Pandemonium: Depths:2
Ziggurat: Depths:3
Trove: D:11 (give +6 demon blade)


Innate Abilities, Weirdness & Mutations

You are a living statue of rough stone.
Your actions are slow, but your melee attacks are powerful.
You are resistant to unholy torment.
Your maximum health is greatly increased.
You are immune to poison.
You cannot wear most types of armour.
You are amphibious.
You can wear up to eight rings at the same time.
Your skin changes colour to match your surroundings (Stealth+).
((Your rubbery body absorbs attacks. (AC +1, EV +1)))
((You are camouflaged when in or above water. (Stealth+)))
You have tentacles for arms and can constrict up to eight enemies at once.
You have supernaturally acute eyesight. (SInv)
Your spells are a little harder to cast, but a little more powerful.


Message History

The Hell Sentinel completely resists.
An iron golem comes into view.
A Hell Sentinel comes into view.
The dread lich gestures wildly while chanting.
Send 'em back where they came from!
Your spellforged servitor disappears in a puff of smoke!
The Hell Sentinel gestures at you.
The sphere of damnation explodes!
The damnation engulfs you!!!
The damnation engulfs the Hell Sentinel.
The Hell Sentinel completely resists.
Unknown command.
Unknown command.
Unknown command.
Unknown command.
The quicksilver elemental breathes dispelling energy at you.
The bolt of dispelling energy misses you.
The Hell Sentinel hits you!!
* * * LOW HITPOINT WARNING * * *
You block the Hell Sentinel's attack. The Hell Sentinel gestures at you.
The sphere of damnation explodes!
The damnation engulfs you!
* * * LOW HITPOINT WARNING * * *
You hear a screech!
You go up through the gate.
Welcome back to the Vestibule of Hell!
There is a gateway to the Iron City of Dis here.
Unknown command.
Unknown command.
Okay, then.
Unknown command.
Casting: Ignition (mildly dangerous; 1% risk of failure)
Confirm with . or Enter, or press ? or * to list all spells.
You summon a servant imbued with your destructive magic!
The Hell Sentinel gestures at you.
The sphere of damnation explodes!
The damnation engulfs you!!
* * * LOW HITPOINT WARNING * * *
The damnation engulfs the Hell Sentinel.
The Hell Sentinel completely resists.
The damnation engulfs your spellforged servitor!!
The Hell Sentinel gestures at you.
The sphere of damnation explodes!
The damnation engulfs you!!
You die...

##...........##
##.............##
##...#########...##
##...##.......##...##
##...##.........##...##
##...##...#'''#...##...##
##...##...##...##...##...##
##....'....#.1...#....'....##
#.....'....#.98..#....'.....#
#############################


You could see a Hell Sentinel (ally target) and a friendly spellforged servitor
(summoned).

Vanquished Creatures
  Antaeus (Coc:7)
  the Royal Jelly (Slime:5)
  3 dread liches
  3 ancient liches
  A juggernaut (Depths:3)
  Sojobo (Crypt:3)
  16 shard shrikes
  21 caustic shrikes
  A curse toe (Crypt:3)
  Geryon (Hell)
  2 golden dragons
  A walking crystal tome (Depths:3)
  5 Hell Sentinels
  18 Ice Fiends
  A tentacled monstrosity (Hell)
  2 deep elf master archers (Elf:3)
  7 titans
  A deep elf blademaster (Elf:2)
  11 ancient champions
  14 acid blobs
  A shadow dragon (shapeshifter) (Vaults:5)
  6 sphinxes
  A storm dragon (Depths:3)
  6 azure jellies
  4 tengu reavers
  2 revenants (Crypt:2)
  2 shadow dragons (Vaults:5)
  8 narguns
  A draconian monk (Depths:4)
  A nagaraja (Snake:2)
  12 rockslimes
  An imperial myrmidon (Desolation)
  9 frost giants
  6 vault wardens
  3 fire giants
  7 shard shrike simulacra
  3 iron dragons
  4 deep elf sorcerers
  2 hydra zombies
  A quicksilver elemental (Dis:4)
  6 deep elf elementalists (Elf:3)
  A draconian annihilator (Depths:4)
  8 ghouls
  9 ironbound preservers
  7 very ugly things
  10 quicksilver oozes
  5 war gargoyles
  9 stone giants
  5 vampire knights
  5 putrid mouths (Hell)
  A juggernaut skeleton (Crypt:3)
  An eleionoma (Swamp:2)
  4 ironbound thunderhulks
  28 elemental wellsprings
  3 deep elf demonologists
  A lorocyproca (Hell)
  2 halazid warlocks (Desolation)
  A red draconian (Depths:4)
  3 spark wasps (Depths:2)
  7 dire elephants
  14 wendigos
  10 deep elf annihilators
  2 iron golems
  4 bunyips
  2 blizzard demons (Hell)
  5 eidola
  6 deep elf death magi
  4 ettins
  3 shambling mangroves (Swamp:4)
  8 jiangshi
  3 fire dragons
  4 ragged hierophants (Desolation)
  11 yaktaur captains
  6 deep elf high priests
  12 caustic shrike simulacra
  8 ice dragons
  A quicksilver dragon skeleton (Crypt:3)
  5 great orbs of eyes
  5 hydras
  2 rakshasas (Depths:1)
  25 vault guards
  3 ogre magi
  A catoblepas (Lair:5)
  7 anacondas
  4 centaur warriors (Vaults:1)
  A jorogumo (shapeshifter) (Vaults:5)
  4 spriggan skeletons
  2 peacekeepers
  Erica (Lair:2)
  8 juggernaut simulacra
  6 deep troll shamans
  5 two-headed ogres
  6 tengu warriors
  4 death knights
  4 ironbound frosthearts
  3 naga warriors
  An alligator (Swamp:4)
  12 dancing weapons
  3 death yaks (Lair:5)
  5 shock serpents
  3 hell hogs
  8 naga sharpshooters
  4 deep troll earth magi
  An orc high priest (Elf:2)
  5 vampire magi
  12 deep elf knights
  3 titan skeletons (Crypt:3)
  11 hell knights (Hell)
  8 sun demons
  2 spriggan berserkers (Depths:3)
  2 salamander mystics
  7 soul eaters
  2 iron trolls
  5 crystal echidnas
  A spark wasp zombie (Crypt:2)
  3 goliath frogs
  A death drake (Swamp:4)
  A steelbarb worm (shapeshifter) (Vaults:5)
  24 skeletal warriors
  A glowing orange brain (Depths:3)
  47 deep trolls
  2 wizards
  3 flayed ghosts
  A spriggan druid (Swamp:4)
  A naga ritualist (Snake:4)
  5 lindwurms
  2 quicksilver dragon simulacra
  3 spriggan simulacra
  2 bunyip skeletons (Crypt:3)
  5 harpies (Vaults:3)
  15 ironbound convokers
  7 deep elf zephyrmancers
  An anaconda skeleton (Hell)
  7 necromancers
  3 phantasmal warriors
  A spectral hydra (Swamp:4)
  3 orc knights
  8 deep elf archers
  20 deep elf pyromancers
  4 shining eyes
  13 ugly things
  2 mana vipers (Snake:1)
  An oklob plant (Swamp:4)
  A salamander (shapeshifter) (D:15)
  2 cyclopes
  3 salamanders
  A faun (shapeshifter) (Vaults:5)
  5 elephants
  5 guardian serpents
  2 ice statues (Hell)
  A dire elephant zombie (Hell)
  4 iron dragon skeletons (Crypt:3)
  10 naga magi
  4 cane toads
  3 smoke demons
  A centaur skeleton (Hell)
  3 titan simulacra
  2 eyes of devastation
  An orange demon (Depths:2)
  2 rust devils
  8 black mambas
  5 vault sentinels
  2 kobold demonologists (D:12)
  A gargoyle (D:13)
  A naga skeleton (Crypt:3)
  A black draconian zombie (Crypt:2)
  A death yak zombie (Crypt:3)
  2 dire elephant skeletons (Crypt:3)
  A rime drake (Lair:4)
  7 hellions
  30 yaktaurs
  2 sea snake zombies
  2 komodo dragons (Lair:4)
  A demonic crawler (Hell)
  An efreet (D:14)
  A bunyip simulacrum (Coc:1)
  3 iron giant simulacra
  4 anaconda simulacra
  7 tormentors
  An unseen horror skeleton (Crypt:3)
  A catoblepas skeleton (Crypt:3)
  3 spectral deep trolls (Crypt:2)
  3 tengu conjurers
  A golden dragon simulacrum (Coc:3)
  5 trolls
  9 freezing wraiths
  2 red devils
  An ice devil (Hell)
  2 harpy skeletons (Crypt:3)
  A polar bear (Lair:2)
  A harpy zombie (Crypt:3)
  2 tyrant leeches
  3 bloated husks
  5 hornets
  3 blink frogs
  2 death drake zombies
  29 saltlings (Desolation)
  A tarantella zombie (Crypt:1)
  3 iron dragon simulacra
  A hydra skeleton (Hell)
  65 slime creatures
  2 stone giant simulacra
  A centaur simulacrum (Hell)
  3 flying skulls (Crypt:1)
  6 water elementals
  A shadow (D:10)
  5 dire elephant simulacra
  5 wraiths
  A wyvern (Lair:5)
  5 spriggans
  2 air elementals
  An ice dragon skeleton (Crypt:3)
  An ettin skeleton (Crypt:3)
  16 yaks
  A culicivora (shapeshifter) (Vaults:5)
  A golden eye (Slime:5)
  A nameless horror (Vaults:1)
  A black mamba skeleton (Crypt:3)
  A fire elemental (Elf:3)
  A steam dragon (Lair:2)
  3 alligator snapping turtle simulacra
  2 basilisks
  A death yak simulacrum (IceCv)
  5 swamp worms
  8 vampire mosquitoes
  A warg (D:10)
  A deep troll zombie (Crypt:3)
  20 nagas
  A two-headed ogre zombie (Crypt:1)
  17 harpy simulacra
  A floating eye (Depths:2)
  3 hydra simulacra
  8 water moccasins
  A fire bat skeleton (Crypt:2)
  2 ettin simulacra
  10 orc warriors
  A black bear (Lair:1)
  A centaur (D:13)
  5 ogres
  6 wolves
  2 phantoms
  3 kobold brigands
  2 bullfrogs
  2 naga simulacra (Coc:5)
  A scorpion (D:6)
  6 necrophages
  A warg zombie (Crypt:1)
  16 wights
  13 killer bees (Lair:3)
  An elephant simulacrum (IceCv)
  4 howler monkeys
  2 electric eels (D:13)
  2 bullfrog zombies (D:4)
  A jelly (D:7)
  A gnoll bouda (D:4)
  10 orc priests
  3 hounds
  3 scorpion zombies (D:4)
  7 orc wizards
  10 hell rats (Hell)
  2 polar bear simulacra (IceCv)
  A wolf simulacrum (Lair:1)
  5 hound zombies (D:4)
  A howler monkey zombie (Crypt:1)
  A gnoll (D:4)
  2 adders
  A howler monkey skeleton (D:4)
  A shadow imp (D:5)
  A white imp (D:8)
  3 ufetubi (D:4)
  An adder skeleton (D:4)
  3 adder zombies (D:4)
  3 worms
  3 dart slugs
  49 orcs
  9 ball pythons
  8 bats
  9 endoplasms
  6 giant cockroaches
  9 goblins
  8 hobgoblins
  7 quokkas
  4 frilled lizards
  18 kobolds
  4 rats
  A river rat skeleton (Crypt:2)
  A creeping inferno (Hell)
  A lurking horror (Elf:3)
1465 creatures vanquished.

Vanquished Creatures (collateral kills)
  Vashnia (Snake:3)
  Saint Roka (Snake:3)
  A shard shrike (Coc:4)
  4 caustic shrikes
  4 tentacled monstrosities (Vaults:5)
  A Hell Sentinel (Dis:6)
  2 liches
  A deep elf blademaster (Elf:3)
  Rupert (Snake:1)
  2 Ice Fiends
  A tainted leviathan (Hell)
  A deep elf master archer (Elf:3)
  2 titans
  10 ancient champions
  5 acid blobs
  2 sphinxes
  4 shadow dragons
  2 tengu reavers
  6 nagarajas (Snake:4)
  A fenstrider witch (Swamp:3)
  A storm dragon (Vaults:5)
  A revenant (Crypt:3)
  2 azure jellies
  2 rockslimes (Slime:5)
  4 deep elf sorcerers
  5 narguns
  5 fire giants
  2 quicksilver elementals (Dis:4)
  An imperial myrmidon (Desolation)
  7 vault wardens
  3 iron dragons
  5 frost giants
  5 orc warlords
  A shard shrike simulacrum (Coc:7)
  A deep elf elementalist (Elf:3)
  2 balrugs
  Aizul (Snake:3)
  8 ironbound preservers
  2 ghouls
  10 stone giants
  8 very ugly things
  A quicksilver ooze (Slime:5)
  A reaper (Crypt:2)
  3 elemental wellsprings
  3 caustic shrike skeletons (Crypt:3)
  5 war gargoyles
  5 deep elf demonologists (Elf:3)
  2 vampire knights
  3 wendigos
  A deep elf annihilator (Elf:3)
  2 eleionomae
  A red draconian (Depths:4)
  A white draconian (Depths:4)
  3 spark wasps
  5 bunyips
  10 dire elephants
  A purple draconian (Depths:4)
  4 iron golems
  3 deep elf death magi (Elf:3)
  A merfolk impaler (Depths:4)
  A crystal guardian (Desolation)
  6 fire dragons
  2 ettins
  2 deep elf high priests (Elf:3)
  4 ragged hierophants (Desolation)
  3 jiangshi (Crypt:2)
  2 shambling mangroves (Swamp:4)
  8 vault guards
  5 yaktaur captains
  5 great orbs of eyes
  11 peacekeepers
  An ice dragon (Depths:3)
  2 salamander tyrants (Snake:4)
  4 servants of whispers (Desolation)
  A catoblepas (Lair:2)
  A hell beast (Depths:1)
  4 juggernaut simulacra
  2 boulder beetles
  4 centaur warriors
  5 anacondas
  4 caustic shrike simulacra
  11 hydras
  14 naga warriors
  8 dancing weapons (Elf:2)
  An ogre mage (Orc:2)
  5 ironbound frosthearts
  5 two-headed ogres
  2 death knights
  2 tengu warriors
  9 alligators
  2 vampire magi (Crypt:2)
  6 death yaks (Lair:5)
  3 deep troll shamans
  10 naga sharpshooters
  3 hell hogs (Depths:1)
  4 deep troll earth magi
  A spriggan berserker (Depths:2)
  3 shock serpents
  3 soul eaters (Depths:1)
  13 hell knights
  A deep elf knight (Elf:2)
  5 sun demons
  5 spriggans
  A titan skeleton (Crypt:3)
  A fire crab (shapeshifter) (D:13)
  3 quicksilver dragon simulacra
  14 skeletal warriors
  A crystal echidna (Dis:2)
  6 iron trolls
  A goliath frog (Swamp:4)
  2 spriggan druids
  4 salamander mystics
  10 sea snakes (Snake:3)
  3 glowing orange brains
  27 deep trolls
  4 flayed ghosts
  2 spriggan simulacra
  9 swamp dragons
  4 lindwurms
  A spectral hydra (Swamp:4)
  A harpy (Vaults:3)
  3 deep elf archers
  11 deep elf zephyrmancers
  A wizard (Vaults:3)
  5 naga ritualists
  7 ironbound convokers
  A mana viper (shapeshifter) (D:15)
  5 phantasmal warriors
  Pikel (D:7)
  5 deep elf pyromancers
  An orc sorcerer (Orc:2)
  23 ugly things
  3 necromancers
  5 mana vipers
  2 oklob plants (Swamp:4)
  4 orc knights
  A will-o-the-wisp (Swamp:2)
  16 salamanders
  2 manticores
  5 guardian serpents
  2 elephants
  5 cyclopes
  6 rust devils
  11 naga magi
  5 titan simulacra
  15 vault sentinels
  An alligator snapping turtle zombie (Hell)
  15 black mambas
  3 cane toads
  2 ice statues (IceCv)
  An orange demon (Depths:2)
  3 smoke demons (Depths:1)
  2 spectral iron trolls (Crypt:2)
  A rime drake (shapeshifter) (D:13)
  3 nameless horrors
  2 hellions
  3 rime drakes
  A kobold demonologist (D:12)
  An unseen horror (D:10)
  8 freezing wraiths
  A demonic crawler (Hell)
  9 yaktaurs
  An iron giant simulacrum (Coc:2)
  2 bunyip simulacra
  A swamp worm zombie (Crypt:1)
  2 tengu conjurers
  3 anaconda simulacra
  A golden dragon simulacrum (Coc:7)
  2 komodo dragons
  A tormentor (Coc:1)
  3 hydra zombies
  6 trolls
  A hellwing (Depths:2)
  A merfolk (shapeshifter) (Vaults:5)
  2 red devils
  3 hydra skeletons
  A queen bee (Lair:3)
  A harpy zombie (Crypt:3)
  4 tyrant leeches
  10 hornets
  A dream sheep (shapeshifter) (Vaults:5)
  2 death drake skeletons (Swamp:4)
  2 polar bears (Lair:5)
  14 blink frogs
  A death drake zombie (Swamp:4)
  19 saltlings (Desolation)
  41 slime creatures
  A stone giant simulacrum (Coc:3)
  A snapping turtle (shapeshifter) (Vaults:5)
  A guardian serpent skeleton (Crypt:3)
  3 water elementals
  A shadow (D:9)
  4 dire elephant simulacra
  An alligator skeleton (Hell)
  3 naga simulacra
  A wyvern (D:10)
  34 yaks
  3 basilisks
  2 fire elementals
  A neqoxec (Depths:2)
  2 steam dragons
  4 alligator snapping turtle simulacra
  12 vampire mosquitoes
  A sea snake simulacrum (Hell)
  6 wargs
  4 harpy simulacra
  28 nagas
  6 hydra simulacra
  2 hell hounds (Lair:5)
  12 swamp worms
  13 water moccasins
  An acid dragon (D:9)
  A swamp dragon zombie (Swamp:4)
  A swamp drake (Swamp:4)
  A naga skeleton (Crypt:3)
  2 ice beasts
  2 black bears (D:6)
  12 orc warriors
  6 wolves
  A shining eye zombie (Crypt:3)
  10 centaurs
  23 ogres
  A phantom (D:5)
  A lemure (D:7)
  A kobold brigand (D:7)
  4 necrophages
  A bullfrog (Lair:3)
  A vine stalker zombie (Crypt:3)
  A scorpion (D:4)
  6 wights (D:8)
  A raiju zombie (Crypt:3)
  10 killer bees (Lair:3)
  2 howler monkeys
  3 electric eels
  2 centaur zombies (D:4)
  A hound (D:6)
  7 orc priests
  A bullfrog zombie (Crypt:2)
  A gnoll bouda (D:8)
  2 jellies
  A bullfrog skeleton (D:4)
  4 iguanas
  13 orc wizards
  A hell rat (Hell)
  2 wolf simulacra (IceCv)
  2 hound zombies (D:4)
  A hound skeleton (D:4)
  7 gnolls
  3 adders
  2 adder zombies (D:4)
  A worm (D:5)
  A dart slug (D:5)
  34 orcs
  A giant cockroach (D:4)
  A goblin (D:10)
  2 hobgoblins (D:10)
  A hobgoblin skeleton (Crypt:1)
  4 kobolds (D:7)
  A rat zombie (Crypt:1)
  A fire vortex (Hell)
1131 creatures vanquished.

Vanquished Creatures (others)
  A tentacled monstrosity (Swamp:2)
  Asterion (Vaults:2)
  A nagaraja (Snake:4)
  A fire giant (Depths:2)
  2 frost giants (Vaults:5)
  A ghoul (Crypt:2)
  The ghost of peterlawrence the Severer, a journeyman MiFi of Okawaru (Lair:5)
  A very ugly thing (Vaults:2)
  A stone giant (Vaults:3)
  A dire elephant (Vaults:4)
  A wendigo (Coc:3)
  A deep elf annihilator (Elf:3)
  An ettin (Depths:1)
  A peacekeeper (Vaults:3)
  2 boulder beetles
  A hydra (Lair:3)
  2 caustic shrike simulacra
  4 two-headed ogres
  An alligator (Swamp:1)
  A centaur warrior (D:13)
  An anaconda (Snake:4)
  A naga warrior (Snake:4)
  5 death yaks (Lair:5)
  2 naga sharpshooters
  A hell knight (Hell)
  A skeletal warrior (D:15)
  A quicksilver dragon simulacrum (Coc:3)
  A deep elf archer (Elf:1)
  8 ugly things (D:14)
  A mana viper (Snake:4)
  An orc sorcerer (Orc:2)
  An ice statue (IceCv)
  A black mamba (Snake:4)
  A gargoyle (D:11)
  A komodo dragon (Lair:3)
  A bloated husk (Swamp:1)
  2 trolls
  2 slime creatures
  2 hornets (Swamp:4)
  A saltling (Desolation)
  A wyvern (D:9)
  11 yaks
  2 vampire mosquitoes (D:11)
  A warg (D:10)
  4 nagas
  2 water moccasins
  A hydra simulacrum (Coc:1)
  6 orc warriors
  An ogre (Orc:2)
  A centaur (D:13)
  A necrophage (Crypt:2)
  2 orc priests
  An orc wizard (D:11)
  A hell rat (Hell)
  4 orcs
  5 bushes
  72 fire vortices
  2 foxfires (Swamp:2)
  24 fungi
  65 plants
  9 withered plants (D:4)
277 creatures vanquished.

Grand Total: 2873 creatures vanquished

Notes
Turn   | Place    | Note
-------+----------+-------------------------------------------
     0 | D:1      | DoIIoM the Octopode Summoner began the quest for the Orb.
     0 | D:1      | Reached XP level 1. HP: 11/11 MP: 3/3
   181 | D:1      | Got the Handbook of the Brume and Direction
   213 | D:1      | Reached XP level 2. HP: 18/18 MP: 5/5
   216 | D:1      | Learned a level 2 spell: Call Imp
   468 | D:1      | Reached skill level 1 in Fighting
   493 | D:1      | Found a faded altar of an unknown god.
   562 | D:1      | Reached XP level 3. HP: 18/23 MP: 6/6
   933 | D:1      | Learned a level 3 spell: Call Canine Familiar
  1265 | D:2      | Found an ancient bone altar of Kikubaaqudgha.
  1454 | D:2      | Reached XP level 4. HP: 28/29 MP: 6/8
  1734 | D:2      | Reached skill level 2 in Fighting
  1812 | D:2      | Identified the +1 robe of the Game Afoot {rF+ Str+4 Int+2}
  1833 | D:3      | Identified the +2 leather armour "Fogogadu" {rC+ Str+5}
  2097 | D:3      | Found a shimmering altar of Xom.
  3185 | D:4      | Reached XP level 5. HP: 21/34 MP: 9/9
  3370 | D:4      | Noticed a phantom
  3422 | D:4      | Killed a phantom
  3423 | D:4      | Reached skill level 5 in Summonings
  3548 | D:4      | Reached skill level 3 in Fighting
  3637 | D:4      | Found an ancient bone altar of Kikubaaqudgha.
  3661 | D:4      | Found a sparkling altar of Nemelex Xobeh.
  3676 | D:4      | Reached XP level 6. HP: 40/42 MP: 11/11
  3752 | D:4      | Learned a level 4 spell: Summon Lightning Spire
  3853 | D:4      | Reached skill level 1 in Air Magic
  4227 | D:4      | Reached XP level 7. HP: 46/46 MP: 12/12
  4713 | D:4      | Reached skill level 4 in Fighting
  5083 | D:5      | Entered Level 5 of the Dungeon
  5290 | D:5      | Reached XP level 8. HP: 54/54 MP: 14/14
  5685 | D:5      | Reached skill level 5 in Air Magic
  5690 | D:5      | Reached skill level 5 in Spellcasting
  5833 | D:5      | Found a blossoming altar of Fedhas.
  6149 | D:5      | Found a staircase to the Ecumenical Temple.
  6155 | Temple   | Entered the Ecumenical Temple
  6155 | Temple   | Found a transporter.
  6155 | Temple   | Found a transporter.
  6157 | Temple   | Found a transporter.
  6157 | Temple   | Found a transporter.
  6279 | D:6      | Reached skill level 5 in Fighting
  6619 | D:6      | Reached XP level 9. HP: 61/61 MP: 16/16
  6760 | D:6      | Learned a level 3 spell: Summon Guardian Golem
  6846 | D:6      | Found a radiant altar of Vehumet.
  6869 | D:6      | Found a broken altar of Ashenzari.
  7225 | D:6      | Found an ornate altar of the Wu Jian Council.
  7762 | D:6      | Became a worshipper of Vehumet
  8099 | D:7      | Noticed Pikel
  8112 | D:7      | Killed Pikel
  8113 | D:7      | Reached skill level 6 in Fighting
  8549 | D:7      | Found a stormy altar of Qazlal.
  8675 | D:7      | Reached XP level 10. HP: 58/69 MP: 19/19
  8826 | D:7      | Found a hide-covered altar of Uskayaw.
  9249 | D:8      | Reached * piety under Vehumet
  9249 | D:8      | Offered knowledge of Sandblast by Vehumet.
  9476 | D:8      | Found a glowing golden altar of the Shining One.
 10168 | D:9      | Found Paillit's Jewellery Emporium.
 10178 | D:9      | Reached skill level 7 in Fighting
 10458 | D:9      | Offered knowledge of Searing Ray by Vehumet.
 10462 | D:9      | Reached ** piety under Vehumet
 10463 | D:9      | Reached XP level 11. HP: 77/77 MP: 21/22
 10488 | D:9      | Reached skill level 8 in Fighting
 10721 | D:9      | Found a shimmering blue altar of Sif Muna.
 10764 | D:10     | Entered Level 10 of the Dungeon
 10771 | D:10     | Noticed a two-headed ogre
 10782 | D:10     | Killed a two-headed ogre
 10788 | D:10     | Noticed a two-headed ogre
 10798 | D:10     | Killed a two-headed ogre
 10806 | D:10     | Learned a level 5 spell: Lightning Bolt
 11092 | D:10     | Reached skill level 1 in Conjurations
 11330 | D:10     | Found a staircase to the Orcish Mines.
 11347 | D:10     | Offered knowledge of Dazzling Flash by Vehumet.
 11682 | D:10     | Found a staircase to the Lair.
 11778 | D:10     | Reached *** piety under Vehumet
 12361 | D:11     | Reached skill level 9 in Fighting
 12361 | D:11     | Reached skill level 10 in Summonings
 12637 | D:11     | Found a portal to a secret trove of treasure.
 12683 | D:11     | Noticed a deep elf pyromancer
 12944 | Orc:1    | Entered Level 1 of the Orcish Mines
 13258 | Orc:1    | Found Ehasch's Antique Weapon Shop.
 13331 | Orc:1    | Offered knowledge of Conjure Flame by Vehumet.
 13610 | Orc:1    | Found Zuttawn's Antique Armour Emporium.
 13902 | Orc:1    | Found Rorhodupp's Antique Armour Shop.
 13959 | Orc:1    | Noticed a two-headed ogre
 13969 | Orc:1    | Killed a two-headed ogre
 13970 | Orc:1    | Reached XP level 12. HP: 86/86 MP: 24/24
 13981 | Orc:1    | Found Totod's Distillery.
 14092 | Orc:1    | Bought a potion of heal wounds for 85 gold pieces
 14107 | Orc:1    | Found Bevual's Armour Shoppe.
 14114 | Orc:1    | Bought the +5 hat of Jememor {+Blink} for 602 gold pieces
 14187 | Orc:2    | Entered Level 2 of the Orcish Mines
 14202 | Orc:2    | Noticed a two-headed ogre
 14205 | Orc:2    | Noticed a two-headed ogre
 14206 | Orc:2    | Killed a two-headed ogre
 14207 | Orc:2    | Reached skill level 1 in Evocations
 14211 | Orc:2    | Killed a two-headed ogre
 14213 | Orc:2    | Noticed a two-headed ogre
 14217 | Orc:2    | Killed an ogre mage
 14217 | Orc:2    | Noticed a two-headed ogre
 14218 | Orc:2    | Noticed a two-headed ogre
 14219 | Orc:2    | Noticed a two-headed ogre
 14503 | Orc:2    | Found a staircase to the Elven Halls.
 14510 | Orc:2    | Found Erha's Jewellery Emporium.
 14593 | Orc:2    | Reached **** piety under Vehumet
 14598 | Orc:2    | Noticed a two-headed ogre
 14603 | Orc:2    | Killed a two-headed ogre
 14750 | Orc:2    | Noticed an ogre mage
 14756 | Orc:2    | Offered knowledge of Mephitic Cloud by Vehumet.
 14779 | Orc:2    | Killed an ogre mage
 14780 | Orc:2    | Reached skill level 10 in Fighting
 14780 | Orc:2    | Reached skill level 5 in Conjurations
 14780 | Orc:2    | Noticed a two-headed ogre
 14846 | Orc:2    | HP: 3/87 [ogre/+0 giant spiked club (25)]
 15253 | Orc:2    | Killed a two-headed ogre
 15285 | Orc:2    | Noticed a two-headed ogre
 15294 | Orc:2    | Killed a two-headed ogre
 15325 | Orc:2    | Reached XP level 13. HP: 82/93 MP: 26/26
 15415 | Orc:2    | Reached skill level 5 in Evocations
 15416 | Orc:2    | Reached skill level 10 in Spellcasting
 15549 | Orc:2    | Found Luirhe's Antique Weapon Shop.
 15990 | Orc:2    | Noticed an orc warlord
 16014 | Orc:2    | Reached ***** piety under Vehumet
 16023 | Orc:2    | Offered knowledge of Starburst by Vehumet.
 16024 | Orc:2    | Killed an orc warlord
 16075 | Orc:2    | Identified the amulet "Hiesm" {*Slow rElec rF+++ Regen+
                  | Int+3}
 16077 | Orc:2    | Noticed an orc warlord
 16110 | Orc:2    | Killed an orc warlord
 16460 | Orc:2    | Found Pairismu's Antique Armour Emporium.
 16470 | Orc:2    | Found Ynavyng's Distillery.
 16471 | Orc:2    | Found Sovegun's Antique Armour Shop.
 16495 | Orc:2    | Reached skill level 11 in Fighting
 17841 | Lair:1   | Entered Level 1 of the Lair of Beasts
 18247 | Lair:1   | Found a frozen archway.
 18257 | IceCv    | Entered an ice cave
 18482 | IceCv    | Reached XP level 14. HP: 101/101 MP: 28/28
 18518 | IceCv    | Identified the +6 chain mail of Summer {rC+ rN+}
 19018 | Lair:2   | Found a staircase to the Snake Pit.
 19283 | Lair:2   | Noticed Erica
 19296 | Lair:2   | Killed Erica
 19908 | Lair:3   | Reached skill level 12 in Fighting
 20171 | Lair:3   | Found a staircase to the Swamp.
 20216 | Lair:3   | Offered knowledge of Iron Shot by Vehumet.
 20266 | Lair:3   | Identified the ring of Attitude {Ice rElec Dex+3}
 20277 | Lair:3   | Learned a level 6 spell: Iron Shot
 20709 | Lair:4   | Reached skill level 1 in Earth Magic
 21400 | Lair:5   | Entered Level 5 of the Lair of Beasts
 21940 | Lair:5   | Reached skill level 5 in Earth Magic
 21940 | Lair:5   | Reached XP level 15. HP: 92/109 MP: 30/30
 22143 | Lair:5   | Found a runed translucent gate.
 22144 | Lair:5   | Found a runed translucent gate.
 22145 | Lair:5   | Found a runed translucent gate.
 22146 | Lair:5   | Noticed peterlawrence's ghost (journeyman MiFi)
 22160 | Lair:5   | Found a viscous altar of Jiyva.
 22161 | Lair:5   | Found a staircase to the Slime Pits.
 22201 | Lair:5   | Killed peterlawrence's ghost
 22498 | Lair:5   | Reached ****** piety under Vehumet
 22584 | Lair:5   | Offered knowledge of Spellforged Servitor by Vehumet.
 22620 | Lair:5   | Learned a level 7 spell: Spellforged Servitor
 22801 | Lair:5   | Identified the +5 scale mail "Otauh" {rCorr Str+4 Dex-3
                  | Slay+6}
 23204 | Lair:5   | Identified the +2 great sword of Karma {flame, rF++ Int-4
                  | Dex+9 SInv}
 23229 | Lair:4   | Learned a level 5 spell: Fireball
 23378 | D:12     | Reached skill level 10 in Conjurations
 23531 | D:12     | Reached skill level 13 in Fighting
 23554 | D:12     | Reached skill level 1 in Fire Magic
 23932 | D:12     | Found Dobu's Antique Weapon Boutique.
 24924 | D:13     | Found a gate to the Vaults.
 25705 | D:14     | Found an opulent altar of Gozag.
 25736 | D:14     | Found Dymmem's Armour Boutique.
 25779 | D:14     | Found Sukidwoq's Jewellery Emporium.
 25784 | D:14     | Found a stormy altar of Qazlal.
 25884 | D:14     | Offered knowledge of Irradiate by Vehumet.
 25885 | D:14     | Reached XP level 16. HP: 117/117 MP: 32/32
 25999 | D:14     | Found Wairot's Antique Weapon Emporium.
 26118 | D:15     | Entered Level 15 of the Dungeon
 27397 | D:15     | Offered knowledge of Freezing Cloud by Vehumet.
 27412 | D:15     | Reached skill level 10 in Earth Magic
 27958 | D:15     | Found a snail-covered altar of Cheibriados.
 27958 | D:15     | Found Cheibriados's Comfort Zone.
 27986 | D:15     | Found a staircase to the Depths.
 28245 | Snake:1  | Entered Level 1 of the Snake Pit
 28274 | Snake:1  | Reached skill level 5 in Fire Magic
 28612 | Lair:3   | Identified 4 scrolls of acquirement
 28614 | Lair:3   | Acquired the ring "Cyntoc" {Drain rPois rN+ Str+5 Int+4}
 28618 | Lair:3   | Acquired a book of Sloth
 28627 | Lair:3   | Learned a level 6 spell: Statue Form
 28627 | Lair:3   | Acquired 608 gold pieces
 28629 | Lair:3   | Acquired 941 gold pieces
 28698 | D:9      | Bought the ring of the Hare {EV+8} for 1280 gold pieces
 28698 | D:9      | Found the ring of the Hare {EV+8}
 28770 | Swamp:1  | Entered Level 1 of the Swamp
 28782 | Swamp:1  | Reached skill level 1 in Transmutations
 29788 | Swamp:2  | Noticed a tentacled monstrosity
 29792 | Swamp:2  | Killed a tentacled monstrosity
 29803 | Swamp:2  | Reached skill level 5 in Transmutations
 29809 | Swamp:2  | Reached XP level 17. HP: 124/124 MP: 34/34
 30314 | Swamp:3  | Identified the +1 cloak "Aguin" {Int+2}
 30387 | Swamp:3  | Identified the +8 rapier of the Philosopher {vamp, Drain
                  | Dex+5 SInv}
 30409 | Swamp:3  | Paralysed by a fenstrider witch for 5 turns
 30854 | Swamp:4  | Entered Level 4 of the Swamp
 31378 | Swamp:4  | Offered knowledge of Lee's Rapid Deconstruction by Vehumet.
 31418 | Swamp:4  | Reached skill level 14 in Fighting
 31774 | Swamp:4  | Found a basalt altar of Yredelemnul.
 31852 | Swamp:4  | Found a blossoming altar of Fedhas.
 32472 | Swamp:4  | Got a decaying rune of Zot
 32720 | Snake:1  | Reached skill level 10 in Fire Magic
 32720 | Snake:1  | Reached XP level 18. HP: 131/131 MP: 26/35
 32964 | Snake:1  | Noticed Rupert
 32971 | Snake:1  | Killed Rupert
 33228 | Snake:1  | Found a hide-covered altar of Uskayaw.
 33266 | Snake:1  | Found Lobatask's Jewellery Emporium.
 33266 | Snake:1  | Found Ukibb's Book Shop.
 33267 | Snake:1  | Found Regh's Book Shop.
 33813 | Snake:2  | Found a transporter.
 33876 | Snake:2  | Found a transporter.
 35143 | Snake:3  | Offered knowledge of Maxwell's Capacitive Coupling by
                  | Vehumet.
 35224 | Snake:3  | Noticed Aizul
 35231 | Snake:3  | Killed Aizul
 35335 | Snake:3  | Noticed Vashnia
 35639 | Snake:3  | Noticed Saint Roka
 35939 | Snake:3  | Killed Vashnia
 36524 | Snake:3  | Killed Saint Roka
 37087 | Snake:4  | Entered Level 4 of the Snake Pit
 37565 | Snake:4  | Reached skill level 15 in Fire Magic
 37841 | Snake:4  | Reached XP level 19. HP: 136/136 MP: 36/36
 37846 | Snake:4  | Offered knowledge of Lehudib's Crystal Spear by Vehumet.
 37846 | Snake:4  | Offered knowledge of Shatter by Vehumet.
 37846 | Snake:4  | Offered knowledge of Chain Lightning by Vehumet.
 37860 | Snake:4  | Learned a level 8 spell: Ignition
 37871 | Snake:4  | Learned a level 8 spell: Lehudib's Crystal Spear
 37871 | Snake:4  | Acquired 794 gold pieces
 38544 | Snake:4  | Got a serpentine rune of Zot
 38939 | Vaults:1 | Entered Level 1 of the Vaults
 39997 | Vaults:1 | Reached XP level 20. HP: 144/144 MP: 37/37
 40561 | Vaults:2 | Reached skill level 15 in Fighting
 40735 | Vaults:2 | Paralysed by a sphinx for 4 turns
 41049 | Vaults:2 | Noticed Asterion
 41059 | Vaults:2 | Killed Asterion
 41740 | Vaults:2 | Found a staircase to the Crypt.
 41740 | Vaults:2 | Found an ancient bone altar of Kikubaaqudgha.
 41741 | Vaults:2 | Found a basalt altar of Yredelemnul.
 42082 | Vaults:2 | Found Pecagh's Book Shop.
 42301 | Vaults:2 | Reached skill level 16 in Fighting
 42870 | Vaults:3 | Reached XP level 21. HP: 154/154 MP: 29/38
 43229 | Vaults:3 | Paralysed by a great orb of eyes for 5 turns
 43235 | Vaults:3 | Reached skill level 17 in Fighting
 43318 | Vaults:3 | Reached skill level 15 in Conjurations
 44125 | Vaults:4 | Identified the +1 leather armour of the Black Moon {rPois
                  | Str+8 Int-2 Slay-4}
 44260 | Vaults:4 | Paralysed by a great orb of eyes for 2 turns
 44372 | Vaults:4 | Found a crumbling gateway.
 44387 | Desolati | Entered the Desolation of Salt
 44441 | Desolati | Reached skill level 18 in Fighting
 44548 | Desolati | Identified the ring "Qosoebat" {rF+ rC+ Will+ AC+4 Int+4}
 44557 | Desolati | Got Mokuak's Disquisition on Rank Shapes
 44559 | Desolati | Identified the ring of Minuatib {Fly rPois rC+ rN+ Str+3}
 44562 | Desolati | Identified the +5 falchion of Latemif {freeze, rElec Will-
                  | rCorr Str+2}
 44691 | Desolati | Identified the ring of Accord {rC+ Int+6 SInv Stlth+}
 44692 | Desolati | Found the +7 mace of Variability {chain chaos}
 44756 | Desolati | Identified the +2 quarterstaff of Integrity {vorpal, rC-
                  | Str+8 Int+8 Dex-4}
 44824 | Desolati | Found the +7 sceptre of Torment {pain, torment}
 44831 | Desolati | Identified the +9 long sword "Yqast" {flame, rN+}
 44835 | Desolati | Got the Book of Elsewhere
 45222 | Vaults:4 | Reached XP level 22. HP: 167/167 MP: 37/39
 45285 | Vaults:4 | Acquired the +3 Elemental Staff {rElec rF++ rC++ AC+5}
 45285 | Vaults:4 | Found the +3 Elemental Staff {rElec rF++ rC++ AC+5}
 45495 | Vaults:4 | Found Hetiwan's Antique Armour Shop.
 46118 | Elf:1    | Entered Level 1 of the Elven Halls
 46134 | Elf:1    | Reached skill level 19 in Fighting
 46319 | Elf:1    | Found Iteklibrue's Antique Armour Shop.
 46997 | Elf:2    | Identified the +3 plate armour of Charity {-Tele rN++
                  | rCorr}
 47201 | Elf:2    | Found a runed translucent gate.
 47202 | Elf:2    | Found a runed translucent gate.
 47202 | Elf:2    | Found a runed translucent gate.
 47911 | Elf:3    | Entered Level 3 of the Elven Halls
 48029 | Elf:3    | Found a one-way gate to the infinite horrors of the Abyss.
 48029 | Elf:3    | Found a corrupted altar of Lugonu.
 48110 | Elf:3    | Reached skill level 1 in Shields
 48353 | Elf:3    | Identified the +7 rapier of False Accusations {vorpal,
                  | Int+2 Dex+3 Stlth+}
 48570 | Elf:3    | Reached skill level 20 in Fighting
 48570 | Elf:3    | Reached XP level 23. HP: 121/176 MP: 40/40
 48947 | Elf:3    | Identified the +9 ring mail "Ridos" {rCorr}
 48964 | Elf:3    | Identified the +6 battleaxe of Tenacity {holy, Int+2}
 48965 | Elf:3    | Identified the +5 chain mail of Parlour Games {Regen+ MP+9
                  | Int-4}
 48974 | Elf:3    | Identified the +7 falchion "Xunumo" {vorpal, +Blink rPois
                  | Int+3}
 48987 | Elf:3    | Identified the +10 sling of the Original Sin {speed, Str+6}
 49020 | Elf:3    | Identified the +3 demon blade "Facsirru" {antimagic, rElec
                  | rN+ Will+}
 49063 | Elf:3    | Identified the +6 hand axe "Zuch" {vorpal, *Slow Will+
                  | Dex+4}
 49074 | Elf:3    | Got the Reference Book on Dislocation and
                  | Transmogrification
 49538 | Depths:1 | Entered Level 1 of the Depths
 49791 | Depths:1 | Found a white marble altar of Elyvilon.
 50045 | Depths:1 | Found a gateway to Hell.
 50047 | Depths:1 | Identified the +9 demon whip "Depsut" {drain, rElec rN++
                  | Will- Dex-5 SInv Stlth+}
 50177 | Depths:1 | You fall into a shaft and drop 1 floor!
 50289 | Depths:2 | Found a one-way gate leading to the halls of Pandemonium.
 51598 | Depths:3 | Reached skill level 15 in Spellcasting
 51633 | Depths:3 | Identified the +3 scale mail "Mompytsu" {rElec Str-2 Dex+2}
 51747 | Depths:3 | Reached skill level 21 in Fighting
 51881 | Depths:3 | Found Waq Neno's Weapon Boutique.
 51908 | Depths:3 | Noticed a juggernaut
 51910 | Depths:3 | Killed a juggernaut
 51911 | Depths:3 | Reached XP level 24. HP: 187/187 MP: 42/42
 51944 | Depths:3 | Found a one-way gateway to a ziggurat.
 52787 | Depths:4 | Entered Level 4 of the Depths
 52909 | Depths:4 | Noticed a caustic shrike
 52909 | Depths:4 | Noticed a caustic shrike
 52909 | Depths:4 | Noticed a caustic shrike
 52909 | Depths:4 | Noticed a caustic shrike
 52913 | Depths:4 | Killed a caustic shrike
 52915 | Depths:4 | Killed a caustic shrike
 52916 | Depths:4 | Killed a caustic shrike
 52918 | Depths:4 | Killed a caustic shrike
 53353 | Depths:4 | Found a gate to the Realm of Zot.
 53437 | Depths:4 | Found a hazy altar of Hepliaklqana.
 53541 | Depths:4 | Found Atterairu's Armour Boutique.
 54111 | Vaults:5 | Entered Level 5 of the Vaults
 54129 | Vaults:5 | Noticed an ancient lich
 54130 | Vaults:5 | Killed an ancient lich
 54137 | Vaults:5 | Reached skill level 22 in Fighting
 54171 | Vaults:5 | Noticed a dread lich
 54176 | Vaults:5 | Killed a dread lich
 54321 | Vaults:5 | Noticed an ancient lich
 54322 | Vaults:5 | Reached XP level 25. HP: 195/195 MP: 39/43
 54325 | Vaults:5 | Killed an ancient lich
 54334 | Vaults:5 | Identified the +3 mace of a bazaar {vorpal, +Blink Str+3
                  | Int+3 SInv}
 54564 | Vaults:5 | Identified the +5 long sword "Sycine" {freeze, rN+ SInv}
 54699 | Vaults:5 | Identified the +5 rapier "Kefama Elynn" {flame, rN+ Will+
                  | rCorr}
 54768 | Vaults:5 | Identified the +11 short sword "Cuon" {spect, MP+9}
 54843 | Vaults:5 | Noticed a dread lich
 54845 | Vaults:5 | Killed a dread lich
 55042 | Vaults:5 | Found Fifitett's Book Shoppe.
 55336 | Vaults:5 | Got a silver rune of Zot
 55721 | Vaults:5 | Identified the +7 hand axe "Gusice" {spect, Int+5}
 55728 | Vaults:5 | Identified the +7 hand axe "Alanuc" {speed, Int+5}
 56042 | Orc:2    | Bought the ring "Wayrumn" {rF+ rCorr EV+4 Int+3 Dex+3} for
                  | 1159 gold pieces
 56173 | Slime:1  | Entered Level 1 of the Pits of Slime
 56555 | Slime:2  | Gained mutation: Your body sometimes deteriorates upon
                  | taking damage. [a shining eye]
 57210 | Slime:4  | Gained mutation: Your body often deteriorates upon taking
                  | damage. [a shining eye]
 57345 | Slime:5  | Entered Level 5 of the Pits of Slime
 57373 | Slime:5  | Reached skill level 23 in Fighting
 57383 | Slime:5  | Noticed the Royal Jelly
 57387 | Slime:5  | Killed the Royal Jelly
 57493 | Slime:5  | Found the +9 staff of Olgreb {rPois∞}
 57604 | Slime:5  | Got a slimy rune of Zot
 57608 | Slime:5  | Identified the +5 spear of Accidental Termination {vorpal,
                  | *Slow rPois Dex+2}
 57615 | Slime:5  | Identified the +6 quarterstaff "Ehushel" {vamp, rC++ Int-3
                  | SInv}
 57652 | Slime:5  | Got the Atlas of Bewitchment
 57659 | Slime:5  | Identified the +8 sling of Cheibriados, Teaching {vorpal,
                  | rF- rCorr Int+2 Dex+6}
 57673 | Slime:5  | Identified the +8 rapier of Ignis {vorpal, rN+}
 57685 | Slime:5  | Identified the +9 sling of a volcano {venom, rC++ rCorr
                  | MP+9 Dex-5}
 57697 | Slime:5  | Identified the +4 mace of Strategic Superiority {vorpal,
                  | rC+}
 57855 | Lair:1   | Lost mutation: Your body often deteriorates upon taking
                  | damage. [potion of mutation]
 57855 | Lair:1   | Lost mutation: Your body sometimes deteriorates upon taking
                  | damage. [potion of mutation]
 57855 | Lair:1   | Gained mutation: You have supernaturally acute eyesight.
                  | (SInv) [potion of mutation]
 57855 | Lair:1   | Gained mutation: Your spells are a little harder to cast,
                  | but a little more powerful. [potion of mutation]
 58020 | Crypt:1  | Entered Level 1 of the Crypt
 58358 | Crypt:1  | Reached XP level 26. HP: 206/206 MP: 44/44
 58440 | Vaults:2 | Bought the Tome of Blasts for 578 gold pieces
 58450 | Vaults:2 | Learned a level 9 spell: Fire Storm
 59695 | Crypt:3  | Entered Level 3 of the Crypt
 59751 | Crypt:3  | Noticed Sojobo
 59757 | Crypt:3  | Killed Sojobo
 60419 | Crypt:3  | Found a staircase to the Tomb.
 60723 | Crypt:3  | Identified the amulet of Onisal {rF++ Regen+ Str+2 Slay+2}
 60981 | Crypt:3  | Noticed a dread lich
 60986 | Crypt:3  | Killed a dread lich
 61001 | Crypt:3  | Found the +5 scythe "Finisher" {speed, eviscerate}
 61005 | Crypt:3  | Identified the +1 plate armour of Honour {rElec}
 61256 | Crypt:2  | Found an ancient bone altar of Kikubaaqudgha.
 61543 | Depths:2 | Learned a level 9 spell: Chain Lightning
 61546 | Hell     | Entered the Vestibule of Hell
 61546 | Hell     | Noticed Geryon
 61551 | Hell     | Killed Geryon
 61552 | Hell     | Reached skill level 24 in Fighting
 61562 | Hell     | Reached XP level 27. HP: 174/214 MP: 45/45
 61819 | Hell     | Reached skill level 10 in Air Magic
 62003 | Hell     | Found a gateway to the decaying netherworld of Tartarus.
 62078 | Hell     | Found a gateway to the ashen valley of Gehenna.
 62208 | Hell     | Found a gateway to the Iron City of Dis.
 62289 | Hell     | Found a gateway to the freezing wastes of Cocytus.
 62322 | Coc:1    | Entered Level 1 of Cocytus
 62726 | Coc:1    | Noticed an ancient lich
 62730 | Coc:1    | Killed an ancient lich
 62753 | Coc:1    | You fall into a shaft and drop 1 floor!
 62758 | Coc:2    | Paralysed by a wendigo for 1 turns
 62763 | Coc:2    | Paralysed by a wendigo for 1 turns
 63081 | Coc:3    | Paralysed by a wendigo for 1 turns
 63547 | Coc:5    | Reached skill level 15 in Air Magic
 63807 | Coc:7    | Entered Level 7 of Cocytus
 64056 | Coc:7    | Paralysed by a wendigo for 1 turns
 64220 | Coc:7    | Noticed Antaeus
 64228 | Coc:7    | Killed Antaeus
 64246 | Coc:7    | Got an icy rune of Zot
 64409 | Coc:7    | Paralysed by a wendigo for 1 turns
 64435 | Coc:7    | Identified the +6 shortbow of the Shoals {flame, Stlth+}
 64439 | Coc:7    | Identified the +1 robe "Hoaf" {+Blink rF+ Int-3}
 64820 | Dis:1    | Entered Level 1 of the Iron City of Dis
 65167 | Dis:2    | Reached skill level 25 in Fighting
 66134 | Dis:6    | Noticed a dread lich
 66137 | Hell     | Killed from afar by a Hell Sentinel

Illustrated notes

Levels and vault maps discovered:
D:1:      heliophobic_arrival_enchanted_forest, layout_basic,
          ebering_ecumenical_altar_sacrificial
D:2:      layout_basic, basic_altar, glass_columns_a, kennysheep_pointless_box
D:3:      layout_basic, mainiacjoe_overflow_chevrons
D:4:      layout_loops_cross, mainiacjoe_overflow_paths,
          mainiacjoe_overflow_concentric_impassable, serial_undead,
          serial_undead_e, serial_undead_b, serial_undead_f, serial_undead_e,
          serial_undead_e, serial_undead_d, serial_undead_a, serial_undead_e,
          serial_undead_b, serial_undead_e
D:5:      layout_rooms, fedhas_bush_and_centaur_altar, minmay_temple_entry_fiery
D:6:      layout_basic, nicolae_overflow_crystal_walls,
          pdpol_wu_jian_five_deadly_venoms, fiery_altar_vehumet,
          gup_sewer_entry_bubbles
D:7:      layout_basic, old_standard_altar, amcnicky_altar_gilded, st_stairs_12,
          minmay_misc_feat_pillars, uniq_pikel
D:8:      layout_rooms, mainiacjoe_overflow_alcove_2, serial_park_tiny_1,
          nrook_uturn
D:9:      layout_rooms, nicolae_sif_muna_little_library, serial_shops,
          nicolae_stop_n_shop_1
D:10:     layout_loops_ring, erik_lair_orcish_takeover, erik_orc_3, hive_lemuel
D:11:     layout_roguey, nicolae_trove_entry_isolated
D:12:     layout_roguey, serial_shops, nicolae_shop_waterfront,
          serial_corexii_hall, corexii_hall_statues_i,
          chequers_hall_statues_wall_a, gauntlet_entry_generic, st_stairs_13
D:13:     layout_basic, lightli_vaults_fourway_checkpoint
D:14:     layout_cave_pools, serial_shops, kennysheep_mini_moat, shop,
          kennysheep_mini, serial_column_ruins, column_ruins_hut_ruined,
          column_ruins_grid_3, column_ruins_open_small, column_ruins_open_large,
          column_ruins_grid_3, column_ruins_columns_straight,
          column_ruins_grid_3, nicolae_qazlal_style_of_elements,
          solitary_fountain, nicolae_gozag_cash_rules_everything_around_me
D:15:     hangedman_depths_entry_civil_slaughter, layout_irregular_city,
          minmay_misc_feat_plants, minmay_shop_chei
Temple:   hellmonk_temple_divided_pantheon
Lair:1:   layout_hall_layers, portal_ice_cave_entry_ice_simulacra
Lair:2:   layout_roguey, guppyfry_snake_entry_garden, grunt_megastairs_1,
          uniq_erica
Lair:3:   layout_roguey [special_room_bee], minmay_swamp_entry_reptiles,
          serial_bayou_shore_b, serial_bayou_shore_a
Lair:4:   layout_misc_corridors
Lair:5:   grunt_lair_end_beastmaster, layout_gridlike,
          dpeg_slime_entry_enclosed, ebering_ghost_rock_garden, enter_volcano_3,
          minmay_lindwurm_lava
Swamp:1:  layout_basic_swamp, serial_swamp_ruin, evilmike_swamp_ruin_house_4,
          evilmike_swamp_ruin_house_2, swamp_pool4
Swamp:2:  layout_falls_marsh, nicolae_swamp_stair_fork
Swamp:3:  layout_falls_marsh, hangedman_swamp_ruin_hall
Swamp:4:  byrel_swamp_growth_death_and_undeath, layout_basic_swamp, swamp_pool3,
          infiniplex_staircase_pool
Snake:1:  layout_honeycomb, basic_altar, minmay_shop_grove, uniq_rupert
Snake:2:  gammafunk_the_bubble [the_bubble_gammafunk_plus_minus],
          layout_layer_cave, grunt_megastairs_5
Snake:3:  layout_basic, uniq_vashnia, uniq_saint_roka, uniq_aizul
Snake:4:  grunt_snake_rune_serpentine_throne, layout_onion, st_stairs_13,
          nicolae_snake_snakewalk
Slime:1:  layout_caves
Slime:2:  layout_caves
Slime:3:  layout_caves
Slime:4:  layout_caves, cheibrodos_slime_lost_civilization_6
Slime:5
Orc:1:    layout_caves, serial_shops, nicolae_shop_statue_plus,
          nicolae_lakefront_shop, shop,
          nicolae_shop_temple_entry_statues_fountains, nicolae_shop_stone,
          nicolae_orc_tapped_out
Orc:2:    st_orc_open, layout_caves, serial_shops, shop_statue,
          minmay_orc_treasury
Elf:1:    minmay_elf_arrival_plus, layout_gridlike, serial_shops,
          nicolae_shop_overgrown_old_shop, hangedman_elf_represent
Elf:2:    nicolae_elf_blades_crystal_corner, layout_geoelf_octagon
Elf:3:    minmay_elf_hall_four_x, layout_loops_ring,
          amcnicky_altar_lugonu_corruption
Vaults:1: nicolae_vaults_little_ls, vaults_dpeg_hooks, hangedman_vaults_trim,
          ontoclasm_vaults_decontamination, vaults_dpeg_cross,
          grunt_vaults_twisty, v_rooms_6, v_misc_11, ontoclasm_vaults_fault,
          nicolae_vaults_big_ls, grunt_vaults_hallway_short,
          layout_vaults_omnigrid, serial_shops, bzr_entry_customers
Vaults:2: nicolae_vaults_stairing_the_circle, hangedman_vaults_restitches,
          minmay_crypt_entry_necro_gods, vaults_room_ringed_pool,
          ontoclasm_vaults_shout, nicolae_vaults_circle_grid_a,
          dpeg_vaults_monster_box, layout_vaults_chaotic_city, serial_shops,
          shop, uniq_asterion
Vaults:3: nicolae_vaults_back_hallway, vaults_room_boxed,
          hangedman_vaults_restitches, nicolae_vaults_windows_and_doors_thing,
          st_squares, nicolae_vaults_asterisk, vaults_mumra_minichess,
          nicolae_vaults_big_angled_halls, hangedman_vaults_nails, v_misc_26,
          ontoclasm_vaults_pinch, layout_vaults_omnibox
Vaults:4: portal_desolation_entry_twin_temple, vaults_mumra_minichess_inversion,
          nicolae_vaults_little_squares_4, v_misc_3, hangedman_vaults_maws,
          nicolae_vaults_circle_grid_b, v_rooms_3, v_misc_25,
          nicolae_vaults_little_squares_2, grunt_vaults_hallway_long,
          nicolae_vaults_mini_display_case, vaults_room_fours,
          layout_vaults_maze_bifur, serial_shops, shop
Vaults:5: serial_shops
Crypt:1:  layout_gridlike
Crypt:2:  layout_basic, corexii_leaking_fountain, skrybe_necro_troll_2,
          lemuel_upstairs_altar
Crypt:3:  due_elkab, layout_chaotic_city, uniq_sojobo
Depths:1: layout_cave_shapes, hellmouth_3, corexii_hall_statues_s,
          nicolae_elyvilon_temple_path
Depths:2: kennysheep_ambush_hall, layout_gridville, grunt_pan_entry_spiral,
          serial_co_window_serial, co_window_of_opportunity_a,
          co_window_corner_a, co_window_of_opportunity_a,
          co_window_of_opportunity_a, co_window_paths_a, co_window_corner_cb,
          co_window_cross_2, co_window_of_opportunity_c, co_window_broadway_a,
          co_window_of_opportunity_b, glass_columns_c, glass_columns_a,
          glass_columns_b, glass_columns_b, glass_columns_a, hell_entry,
          moated_statue
Depths:3: minmay_octagon_keep, layout_gridlike, enter_ziggurat_a,
          abyss_entry_small_statue_room, hell_entry, serial_shops,
          nicolae_shop_bloodbath_and_beyond, infiniplex_staircase_pool_lava,
          serial_bayou_shore_b, serial_bayou_shore_b
Depths:4: evilmike_zot_entry_hall, layout_gridlike, serial_shops, shop,
          grunt_hell_entry_dis_old, nzn_hepliaklqana_mist_gate
Hell
Dis:1:    layout_subdivisions, nicolae_dis_scattering
Dis:2:    layout_gridville
Dis:3:    layout_regular_city
Dis:4:    layout_regular_city
Dis:5:    layout_regular_city, nicolae_dis_iron_filings
Dis:6:    hangedman_dis_monolith, layout_regular_city
Coc:1:    layout_ice_bergs
Coc:2:    layout_cocytus_water_paths
Coc:3:    nicolae_coc_on_the_berg
Coc:4:    layout_cocytus_water_paths
Coc:5:    layout_cocytus_water_paths
Coc:6:    layout_cocytus_water_paths
Coc:7:    coc_dpeg

Skill      XL: |  1  2  3  4  5  6  7  8  9 10 11 12 13 14 15 16 17 18 19 20 21 22 23 24 25 26 27 |
---------------+----------------------------------------------------------------------------------+-----
Stealth        | 3 |  3.0
Fighting       | 1 2 3 4 5 6 7 9 10 11 12 13 14 16 18 20 21 22 23 24 25 | 25.7
Spellcasting   | 3 4 5 6 7 8 9 10 11 12 13 15 16 17 18 22 | 22.3
Summonings     | 5 6 7 9 10 11 12 13 | 13.1
Air Magic      | 1 3 5 7 9 17 | 17.0
Conjurations   | 3 5 7 9 10 11 12 14 16 18 19 20 22 24 | 24.0
Evocations     | 4 6 |  6.0
Earth Magic    | 5 8 10 12 | 12.0
Fire Magic     | 3 5 10 15 17 18 19 | 19.1
Transmutations | 5 8 |  8.0
Shields        | 3 4 |  4.0
Dodging        | |  2.0

Action                   |  1- 3 |  4- 6 |  7- 9 | 10-12 | 13-15 | 16-18 | 19-21 | 22-24 | 25-27 || total
-------------------------+-------+-------+-------+-------+-------+-------+-------+-------+-------++-------
Melee: Short sword       |    97 |   131 |    97 |       |       |       |       |       |       ||   325
       Constrict         |    20 |    32 |    38 |    17 |    27 |     6 |    38 |    23 |    35 ||   236
       Tentacles         |    16 |    38 |    46 |    15 |    44 |    10 |    56 |    47 |    70 ||   342
       Punch             |     1 |     4 |     3 |       |     2 |       |     4 |     3 |     4 ||    21
       Hand axe          |       |       |    59 |    18 |       |       |       |       |       ||    77
       Halberd           |       |       |       |    89 |   188 |    17 |       |       |       ||   294
       Staff             |       |       |       |       |       |    39 |    47 |   108 |   155 ||   349
       Great sword       |       |       |       |       |       |       |   105 |       |       ||   105
 Cast: Summon Small Mamm |     1 |       |       |       |       |       |       |       |       ||     1
       Call Imp          |       |     6 |    21 |    48 |    61 |    43 |       |       |       ||   179
       Call Canine Famil |       |     4 |    23 |    50 |    81 |    80 |    37 |    48 |    18 ||   341
       Summon Lightning  |       |       |    15 |    46 |    98 |    92 |    48 |    32 |    27 ||   358
       Summon Guardian G |       |       |     1 |    45 |    76 |    69 |    40 |    61 |    41 ||   333
       Lightning Bolt    |       |       |       |    16 |   124 |    74 |       |       |       ||   214
       Spellforged Servi |       |       |       |       |     9 |    79 |    82 |    81 |   105 ||   356
       Fireball          |       |       |       |       |     8 |    28 |    19 |    17 |    23 ||    95
       Iron Shot         |       |       |       |       |     6 |    67 |     2 |       |       ||    75
       Statue Form       |       |       |       |       |       |    51 |    76 |    82 |    99 ||   308
       Ignition          |       |       |       |       |       |       |    87 |    80 |   148 ||   315
       Lehudib's Crystal |       |       |       |       |       |       |       |    85 |   191 ||   276
       Fire Storm        |       |       |       |       |       |       |       |       |    50 ||    50
       Chain Lightning   |       |       |       |       |       |       |       |       |     2 ||     2
 Abil: Evoke Blink       |       |       |       |     1 |     4 |     4 |     1 |       |     4 ||    14
  Use: Scroll            |       |     7 |       |     2 |    14 |    12 |     6 |     4 |       ||    45
       Potion            |       |       |     1 |     3 |     2 |     2 |     1 |     1 |     1 ||    11
 Stab: Sleeping          |    11 |     8 |     6 |       |     3 |       |     1 |     1 |     2 ||    32
       Distracted        |       |       |     1 |     4 |     7 |     3 |     5 |     3 |     3 ||    26
Armor: Skin              |    24 |    30 |    48 |    11 |    83 |   223 |   276 |   168 |   236 ||  1099
Dodge: Dodged            |    48 |    82 |   115 |    82 |   258 |   379 |   471 |   274 |   431 ||  2140
Block: Buckler           |       |       |       |       |       |       |       |    54 |   164 ||   218
       Reflection        |       |       |       |       |       |       |       |     6 |     8 ||    14
